 Dungeon Crawl Stone Soup version 0.17-a0-2027-gcac42c4 (webtiles) character file.

60 pk666 the Magician (level 3, -1/19 HPs)
             Began as a Deep Elf Wizard on Oct 11, 2015.
             Slain by a worm (8 damage)
             ... on level 2 of the Dungeon.
             The game lasted 00:04:57 (1976 turns).

pk666 the Magician (Deep Elf Wizard)                Turns: 1976, Time: 00:04:57

Health: -1/19      AC:  2    Str:  4    XL:     3   Next: 80%
Magic:  1/11       EV: 12    Int: 23    God:
Gold:   87         SH:  0    Dex: 13    Spells: 5 memorised, 0 levels left

rFire  . . .     SeeInvis .     i - +0 dagger
rCold  . . .     Clarity  .     a - +0 robe
rNeg   . . .     SustAt   .     (no shield)
rPois  .         Gourm    .     b - +0 hat
rElec  .         Spirit   .     (no cloak)
rCorr  .         Warding  .     (no gloves)
rMut   .         Stasis   .     (no boots)
MR     .....                    (no amulet)
Stlth  ++........               (no ring)
                                (no ring)

@: repel missiles, not resistant to hostile enchantments, unstealthy
A: no striking features
a: no special abilities


You were on level 2 of the Dungeon.
You were hungry.

You visited 1 branch of the dungeon, and saw 2 of its levels.

You collected 87 gold pieces.

Inventory:

Hand Weapons
 i - a +0 dagger (weapon)
Armour
 a - a +0 robe (worn)
 b - a +0 hat (worn)
Scrolls
 e - a scroll of immolation {unknown}
 f - a scroll of recharging {unknown}
 h - 2 scrolls of remove curse {unknown}
 j - 3 scrolls of identify {unknown}
 m - 3 scrolls of teleportation {unknown}
 n - a scroll of amnesia {unknown}
Potions
 l - 2 potions of heal wounds {unknown}
Books
 c - a book of Minor Magic

   Spells                             Type                      Level
   a - Magic Dart                     Conjuration                  1
   b - Blink                          Translocation                2
   c - Call Imp                       Summoning                    2
   d - Repel Missiles                 Charms/Air                   2
   e - Slow                           Hexes                        2
   f - Conjure Flame                  Conjuration/Fire             3
   g - Mephitic Cloud                 Conjuration/Poison/Air       3
Comestibles
 d - a bread ration
 g - 4 fruits
 k - 5 chunks of flesh


   Skills:
 - Level 2.4 Dodging
 - Level 2.4 Stealth
 + Level 4.9 Spellcasting
 + Level 2.9 Conjurations
   Level 1.1 Summonings
 - Level 1.1 Translocations
 + Level 1.2 Air Magic
 + Level 1.0 Poison Magic


You couldn't memorise any spells.
You knew the following spells:

 Your Spells              Type           Power        Failure   Level  Hunger
d - Conjure Flame         Conj/Fire      ##......     17%         3    ##.....
q - Blink                 Tloc           N/A          12%         2    None
w - Repel Missiles        Chrm/Air       #.....       14%         2    None
x - Mephitic Cloud        Conj/Pois/Air  ##......     17%         3    ##.....
z - Magic Dart            Conj           ###.         2%          1    None


Dungeon Overview and Level Annotations

Branches:
Dungeon (2/15)

Altars:
Gozag
Ru
Vehumet


Message History

The worm barely misses you.
You hit the worm but do no damage.
The worm is moderately wounded.
You hit the worm.
The worm is heavily wounded.
The worm bites you!
You hit the worm but do no damage.
The worm is heavily wounded.
You hit the worm but do no damage.
The worm is heavily wounded.
The worm bites you.
You barely miss the worm.
The worm is moderately wounded.
The worm bites you but does no damage.
You hit the worm but do no damage.
The worm is moderately wounded.
You hit the worm.
The worm is heavily wounded.
The worm bites you!
You die...

## ##_## ##
8...8## ####
.....#### #.#
....._#.# #.#
.....##.# #.#
8...8##.# #.# ##_#
#@# ##.# ######
#w# #..# #....#
#.# #)## #....#
##.# #.# #รท...#
#..# #.## #....#
##.## ...##
#..[.###..# #....
<...###.[......##
#######.>..
.....##....###.###
...........


You could see a worm.

Vanquished Creatures
  An adder (D:2)
  4 giant cockroaches
  8 hobgoblins
  3 jackals (D:1)
  8 kobolds
  A ball python (D:2)
  7 bats
  8 goblins
  6 rats
46 creatures vanquished.

Vanquished Creatures (others)
  4 toadstools (D:1)
4 creatures vanquished.

Grand Total: 50 creatures vanquished

Notes
Turn   | Place    | Note
--------------------------------------------------------------
     0 | D:1      | pk666 the Deep Elf Wizard began the quest for the Orb.
     0 | D:1      | Reached XP level 1. HP: 10/10 MP: 7/7
   439 | D:1      | Reached XP level 2. HP: 15/15 MP: 6/9
  1203 | D:1      | Reached XP level 3. HP: 19/19 MP: 9/11
  1207 | D:1      | Learned a level 2 spell: Blink
  1210 | D:1      | Learned a level 2 spell: Repel Missiles
  1214 | D:1      | Learned a level 3 spell: Conjure Flame
  1218 | D:1      | Learned a level 3 spell: Mephitic Cloud
  1808 | D:2      | Reached skill level 1 in Air Magic
  1931 | D:2      | Reached skill level 1 in Poison Magic
  1956 | D:2      | Found an opulent altar of Gozag.
  1956 | D:2      | Found a sacrificial altar of Ru.
  1958 | D:2      | Found a radiant altar of Vehumet.
  1976 | D:2      | Slain by a worm

Vault maps used:
D:1:      ldierk_water_garden
D:2:      yredelemnul_forgotten_temple_becter, kiku_gazebo_garden_becter,
          nicolae_overflow_hidden_temple, nrook_loot_triangle

Action                   || total
-------------------------++-------
Melee: Unarmed           ||   162
       Dagger            ||    12
 Cast: Magic Dart        ||   102
       Repel Missiles    ||     1
  Eat: Chunk             ||     3
